 Dungeon Crawl Stone Soup version 0.17-a0-910-ga669010 (webtiles) character file.

34591 Zwobot the Black Belt (level 13, 0/100 HPs)
             Began as a Demigod Transmuter on May 2, 2015.
             Slain by a killer bee (3 damage)
             ... on level 4 of the Lair of Beasts.
             The game lasted 01:51:23 (23743 turns).

Zwobot the Black Belt (Demigod Transmuter)         Turns: 23743, Time: 01:51:23

Health: 0/100      AC:  9    Str: 13    XL:     13   Next: 13%
Magic:  19/19      EV: 27    Int: 19    God:
Gold:   520        SH:  0    Dex: 27    Spells: 4 memorised, 2 levels left

rFire  + . .     SeeInvis .       - Unarmed
rCold  . . .     Clarity  +     t - +2 robe {rF+}
rNeg   . . .     SustAb   +     (no shield)
rPois  .         Gourm    .     F - +2 helmet
rElec  .         Spirit   .     (no cloak)
rCorr  .         Warding  .     (no gloves)
rMut   .         Stasis   .     o - +1 pair of boots
MR     +....                    (no amulet)
Stlth  ++++......               (no ring)
                                (no ring)

@: agile, about to teleport, very slightly contaminated, somewhat resistant to
hostile enchantments, stealthy
A: clarity, high mp 1, sustain abilities
a: no special abilities


You were on level 4 of the Lair of Beasts.
You were hungry.

You visited 2 branches of the dungeon, and saw 15 of its levels.

You collected 718 gold pieces.
You spent 198 gold pieces at shops.

Inventory:

Hand weapons
 b - a +0 hunting sling
 K - a +0 blowgun
Missiles
 j - 5 javelins of penetration
 k - 2 steel javelins
 q - 479 stones
 r - 4 javelins (quivered)
 I - 56 poisoned needles
 W - 229 arrows
Armour
 l - a +2 ring mail of fire resistance
 o - a +1 pair of boots (worn)
 s - a +0 buckler
 t - a +2 robe of fire resistance (worn)
 D - a +2 robe of magic resistance
 F - a +2 helmet (worn)
 P - a troll hide
Jewellery
 a - an uncursed amulet of stasis
Magical devices
 g - a wand of enslavement (0)
 h - a wand of flame (30)
 m - a wand of draining (11)
 p - a wand of fireball (0)
 y - a wand of teleportation (3)
 C - a wand of teleportation (0)
 J - a wand of random effects (26)
 M - a wand of fireball (7)
 S - a wand of fire (0)
 Y - a wand of polymorph (13)
Scrolls
 e - 9 scrolls of remove curse
 f - a scroll of recharging
 v - 2 scrolls of magic mapping
 H - a scroll of fog {unknown}
 T - a scroll of enchant weapon {unknown}
Potions
 i - a potion of cure mutation
 u - a potion of cancellation
 E - a potion of curing
 G - 2 potions of agility
 N - 2 potions of heal wounds {unknown}
 Q - a potion of lignification {unknown}
 R - 3 potions of brilliance {unknown}
Books
 c - a book of Changes

   Spells                             Type                      Level
   a - Beastly Appendage              Transmutation                1
   b - Sticks to Snakes               Transmutation                2
   c - Spider Form                    Transmutation/Poison         3
   d - Ice Form                       Ice/Transmutation            4
   e - Blade Hands                    Transmutation                5
 B - a Fen Folio

   Spells                             Type                      Level
   a - Corpse Rot                     Necromancy                   2
   b - Stone Arrow                    Conjuration/Earth            3
   c - Leda's Liquefaction            Hexes/Earth                  4
   d - Summon Forest                  Summoning/Translocation      5
   e - Hydra Form                     Transmutation                6
   f - Summon Hydra                   Summoning                    7
 L - a book of Unlife

   Spells                             Type                      Level
   a - Recall                         Summoning/Translocation      3
   b - Animate Dead                   Necromancy                   4
   c - Control Undead                 Necromancy                   4
   d - Cigotuvi's Embrace             Necromancy                   5
   e - Death Channel                  Necromancy                   6
   f - Simulacrum                     Ice/Necromancy               6
 O - a book of Debilitation

   Spells                             Type                      Level
   a - Corona                         Hexes                        1
   b - Slow                           Hexes                        2
   c - Gell's Gravitas                Hexes/Translocation          3
   d - Inner Flame                    Hexes/Fire                   3
   e - Cause Fear                     Hexes                        4
   f - Leda's Liquefaction            Hexes/Earth                  4
 U - a book of Necromancy

   Spells                             Type                      Level
   a - Pain                           Necromancy                   1
   b - Animate Skeleton               Necromancy                   1
   c - Vampiric Draining              Necromancy                   3
   d - Regeneration                   Charms/Necromancy            3
   e - Animate Dead                   Necromancy                   4
   f - Control Undead                 Necromancy                   4
Miscellaneous
 z - a fan of gales (inert)
 V - an ornate deck of wonders {drawn: 1}
Comestibles
 d - 16 bread rations
 n - 9 meat rations
 A - 4 fruits
 Z - 4 chunks of flesh


   Skills:
 - Level 5.0 Fighting
 - Level 8.9 Dodging
 - Level 4.0 Stealth
 * Level 15.8 Unarmed Combat
 - Level 2.0 Spellcasting
 - Level 5.5 Transmutations
 - Level 5.0 Ice Magic
 - Level 4.0 Evocations


You had 2 spell levels left.
You knew the following spells:

 Your Spells              Type           Power        Failure   Level  Hunger
a - Blade Hands           Trmt           ###.......   50%         5    ######.
b - Sticks to Snakes      Trmt           ###.......   2%          2    ###....
c - Spider Form           Trmt/Pois      ##........   17%         3    ###....
d - Ice Form              Ice/Trmt       ###.....     21%         4    #####..


Dungeon Overview and Level Annotations

Branches:
Dungeon (11/15)            Temple (0/1) D:5            Lair (4/8) D:9
 Shoals (0/4) Lair:4
  Snake: Lair:3-6    Spider: Lair:3-6       Orc: D:9-12

Shops:
D:7 %*[

Annotations:
D:9 Erica
D:10 Sonja; hornqvist's ghost, experienced VSMo
Lair:2 1 exclusion, Harold; Nergalle


Innate Abilities, Weirdness & Mutations

You have an increased reservoir of magic (+10% MP).
Your attributes are resistant to harm.
You possess an exceptional clarity of mind.


Message History

Your wand of teleportation {empty} glows for a moment.
You hear an angry buzzing noise.
The killer bee stings you!
* * * LOW HITPOINT WARNING * * *
Unknown command.
Read which item? (? for menu, Esc to quit)
Okay, then.
Evoke which item? (* to show all) (? for menu, Esc to quit)
Zapping:
y - a wand of teleportation {recharged} (will waste charges)
Press: ? - help, Shift-Dir - straight line, f - you You feel strangely unstable.
Evoking this partially-identified wand wasted a few charges.
The killer bee barely misses you. x2
You hear an angry buzzing noise.
The killer bee closely misses you.
You hear an angry buzzing noise.
The killer bee barely misses you.
You hear an angry buzzing noise.
The killer bee stings you.
You die...

.....## #..###yyyyy.###
.#.†..# #.[.#%yyy%%yy##
###...# ##..# #yy#
##....####...# #†##
#..........#.#### ##.#
#..........#....####..#
................##.#y##
...............#.y.y.##
.......#........@yy...#
......#.###...##...####
.......## ##########
.......## ..#>...P#
..#....# ......##
..##...# #####
#.#..##.# #...##


You could see 5 killer bees.

Vanquished Creatures
  Gastronok (D:8)
  Josephine (D:10)
  A hydra (Lair:1)
  A queen ant (Lair:3)
  A skeletal warrior (D:9)
  A hill giant (D:7)
  Pikel (D:6)
  A lindwurm (Lair:4)
  A griffon (Lair:4)
  4 elephants (Lair:4)
  A manticore (Lair:4)
  Joseph (D:8)
  5 black mambas
  6 spiny frogs
  8 komodo dragons
  A troll (D:9)
  A queen bee (Lair:4)
  9 blink frogs
  A spriggan (D:9)
  4 wraiths (D:10)
  Eustachio (D:6)
  A deep elf fighter (D:9)
  Grum (Lair:1)
  5 basilisks
  8 hippogriffs
  34 yaks
  20 soldier ants (Lair:3)
  Menkaure (D:6)
  11 wolves (Lair:1)
  2 porcupines
  A water moccasin (Lair:3)
  A sky beast (D:5)
  3 ice beasts
  4 slaves (D:6)
  4 orc warriors
  3 phantoms
  2 necrophages
  10 ogres
  A boring beetle (Lair:4)
  2 black bears
  4 centaurs
  6 crocodiles
  Blork the orc (D:6)
  A big kobold (D:8)
  16 giant frogs
  A wyvern skeleton (D:8)
  A scorpion (D:6)
  14 killer bees
  2 giant frog zombies (D:9)
  3 jellies
  2 crimson imps
  4 orc priests
  4 orc wizards
  22 worker ants
  A centaur skeleton (D:4)
  10 iguanas
  4 hounds
  14 sheep (Lair:1)
  A hound zombie (D:7)
  7 gnolls
  2 worker ant zombies
  66 river rats
  11 adders
  4 shadow imps
  2 oozes (D:2)
  2 adder skeletons
  4 worms
  5 giant geckos
  21 orcs
  4 ball pythons
  23 bats
  A bat skeleton (D:4)
  3 giant cockroaches
  12 goblins
  19 hobgoblins
  6 jackals
  6 quokkas
  5 giant newts
  A jackal zombie (D:6)
  13 kobolds
  21 rats
  21 ballistomycetes
535 creatures vanquished.

Vanquished Creatures (collateral kills)
  A worker ant (Lair:3)
  A rat (D:6)
2 creatures vanquished.

Vanquished Creatures (others)
  A killer bee zombie (D:8)
  3 kobolds (D:8)
  5 giant spores (D:8)
  2 ballistomycetes (D:8)
11 creatures vanquished.

Grand Total: 548 creatures vanquished

Notes
Turn   | Place    | Note
--------------------------------------------------------------
     0 | D:1      | Zwobot, the Demigod Transmuter, began the quest for the Orb.
     0 | D:1      | Reached XP level 1. HP: 15/15 MP: 5/5
    80 | D:1      | Reached skill level 3 in Unarmed Combat
   615 | D:1      | Reached XP level 2. HP: 8/22 MP: 7/7
  1903 | D:2      | Learned a level 2 spell: Sticks to Snakes
  1915 | D:2      | Reached XP level 3. HP: 25/27 MP: 8/8
  1959 | D:2      | Reached skill level 4 in Unarmed Combat
  2573 | D:2      | Reached XP level 4. HP: 34/34 MP: 9/9
  3110 | D:3      | Reached skill level 1 in Fighting
  3432 | D:3      | Found a bloodstained altar of Trog.
  3450 | D:3      | Reached skill level 5 in Unarmed Combat
  3624 | D:3      | Learned a level 3 spell: Spider Form
  4023 | D:4      | Reached XP level 5. HP: 40/40 MP: 10/10
  4387 | D:4      | Reached skill level 6 in Unarmed Combat
  4524 | D:4      | Noticed an ogre
  4533 | D:4      | Killed an ogre
  4533 | D:4      | Reached XP level 6. HP: 47/47 MP: 11/11
  5307 | D:4      | Reached skill level 7 in Unarmed Combat
  5466 | D:5      | Entered Level 5 of the Dungeon
  5697 | D:5      | Reached XP level 7. HP: 36/52 MP: 5/12
  6084 | D:5      | Found a staircase to the Ecumenical Temple.
  6127 | D:5      | Reached skill level 8 in Unarmed Combat
  6695 | D:6      | Noticed Eustachio
  6916 | D:6      | Noticed Menkaure
  6920 | D:6      | Killed Menkaure
  6920 | D:6      | Reached skill level 9 in Unarmed Combat
  7391 | D:6      | Reached XP level 8. HP: 45/59 MP: 9/13
  7598 | D:6      | Noticed Pikel
  7605 | D:6      | Killed Eustachio
  7609 | D:6      | Killed Pikel
  7609 | D:6      | Reached skill level 10 in Unarmed Combat
  7623 | D:6      | Learned a level 4 spell: Ice Form
  7706 | D:6      | Noticed Blork the orc
  7735 | D:6      | Killed Blork the orc
  8215 | D:7      | Found Ygoebad's Armour Shoppe.
  8220 | D:7      | Bought a +2 helmet for 198 gold pieces
  8346 | D:7      | Reached skill level 11 in Unarmed Combat
  8624 | D:7      | Found Georgh's Assorted Antiques.
  8725 | D:7      | Reached XP level 9. HP: 56/64 MP: 8/15
  8757 | D:7      | Found Zaniaqei's Food Shop.
  8829 | D:7      | Noticed a hill giant
  9286 | D:7      | Killed a hill giant
  9286 | D:7      | Reached skill level 12 in Unarmed Combat
  9310 | D:8      | Noticed Joseph
  9508 | D:8      | Noticed Gastronok
  9547 | D:8      | Killed Gastronok
  9731 | D:7      | Reached XP level 10. HP: 58/71 MP: 12/16
 10921 | D:8      | Reached skill level 5 in Dodging
 11024 | D:8      | Killed Joseph
 11469 | D:9      | Noticed Erica
 12407 | D:9      | Reached skill level 1 in Ice Magic
 12600 | D:9      | Noticed a skeletal warrior
 12679 | D:9      | Killed a skeletal warrior
 12702 | D:9      | Noticed a skeletal warrior
 12923 | D:9      | Noticed a skeletal warrior
 12941 | D:10     | Entered Level 10 of the Dungeon
 13059 | D:10     | Noticed hornqvist's ghost (experienced VSMo)
 13816 | D:11     | Found a snail-covered altar of Cheibriados.
 13870 | D:10     | Noticed Josephine
 13889 | D:10     | Reached XP level 11. HP: 69/77 MP: 14/17
 13968 | D:10     | Killed Josephine
 13968 | D:10     | Reached skill level 5 in Transmutations
 14338 | D:10     | Noticed Sonja
 15018 | D:9      | Found a staircase to the Lair.
 15256 | Lair:1   | Entered Level 1 of the Lair of Beasts
 15408 | Lair:1   | Reached skill level 5 in Ice Magic
 15930 | Lair:1   | Noticed Grum
 16240 | Lair:1   | Killed Grum
 16336 | Lair:1   | Reached skill level 13 in Unarmed Combat
 16836 | Lair:1   | Learned a level 5 spell: Blade Hands
 17465 | Lair:1   | Noticed an eight-headed hydra
 17589 | Lair:1   | Killed an eight-headed hydra
 18240 | Lair:2   | Reached XP level 12. HP: 85/92 MP: 10/18
 18614 | Lair:2   | Noticed Nergalle
 18642 | Lair:2   | Noticed Harold
 18720 | Lair:2   | Reached skill level 5 in Fighting
 19818 | Lair:3   | Reached skill level 14 in Unarmed Combat
 22046 | Lair:3   | Reached skill level 15 in Unarmed Combat
 22714 | Lair:4   | Found a staircase to the Shoals.
 22734 | Lair:4   | Reached XP level 13. HP: 17/100 MP: 11/19
 23737 | Lair:4   | Gained mutation: You possess an exceptional clarity of mind. [helix card]
 23741 | Lair:4   | HP: 2/100 [killer bee (9)]
 23743 | Lair:4   | Slain by a killer bee

Action                   |  1- 3 |  4- 6 |  7- 9 | 10-12 | 13-15 || total
-------------------------+-------+-------+-------+-------+-------++-------
Melee: Unarmed           |    97 |    64 |   156 |  1174 |    68 ||  1559
 Fire: Hunting sling     |    64 |   144 |    11 |    11 |       ||   230
       Blowgun           |       |       |       |     8 |       ||     8
Throw: Javelin           |       |    39 |     8 |    27 |       ||    74
       Stone             |       |       |       |     2 |       ||     2
 Cast: Sticks to Snakes  |       |     1 |     8 |    10 |       ||    19
       Spider Form       |       |     3 |    16 |    24 |     1 ||    44
       Ice Form          |       |       |       |    52 |     4 ||    56
 Abil: End Transformatio |       |       |       |     5 |     2 ||     7
Evoke: Wand              |       |     4 |    11 |    18 |     1 ||    34
       Fan of gales      |       |       |       |     1 |       ||     1
       Deck              |       |       |       |       |     1 ||     1
  Use: Scroll            |     3 |     9 |    10 |    13 |     2 ||    37
       Potion            |     1 |       |     2 |     8 |     2 ||    13
 Stab: Sleeping          |       |       |     1 |    12 |     3 ||    16
       Distracted        |       |       |       |     4 |       ||     4
  Eat: Chunk             |     5 |     7 |    11 |    47 |     1 ||    71
       Beef jerky        |       |     1 |       |       |     1 ||     2
       Pizza             |       |     1 |       |       |       ||     1
       Fruit             |       |       |     4 |     5 |     2 ||    11
       Royal jelly       |       |       |     1 |     3 |       ||     4
       Bread ration      |       |       |       |     1 |       ||     1
